[Event "XIV American Continental-ch 2019"]
[Site "Sao Paulo"]
[Date "2019.07.09"]
[Round "6.13"]
[White "Gemy, Jose Daniel"]
[Black "Gareyev, Timur"]
[Result "0-1"]
[ECO "B06"]
[WhiteElo "2371"]
[BlackElo "2588"]
[Annotator "RC"]
[PlyCount "268"]
[EventDate "2019.07.05"]
[EventType "swiss"]
[EventCountry "BRA"]
[SourceTitle "playchess.com"]
[Source "ChessBase"]
[SourceQuality "1"]
[TimeControl "40/5400+30:1800+30"]

1. e4 g6 2. d3 Bg7 3. g3 d5 4. Nd2 e5 5. Bg2 Ne7 6. h4 h5 7. c3 c5 8. exd5 Nxd5 9. Ne4 Na6 10. Qa4+ Ke7 11. Qa3 Qb6 12. Nf3 Rd8 13. O-O Kf8 14. d4 exd4 15. cxd4 Qb4 16. Qxb4 cxb4 17. Bg5 f6 18. Bd2 b6 19. Rac1 Bf5 20. Rfe1 Rd7 21. Rc6 Rad8 22. a3 bxa3 23. bxa3 Nac7 24. a4 Re7 25. Nc3 Bd7 26. Rd6 Rxe1+ 27. Nxe1 Nxc3 28. Bxc3 Ke8 29. Be4 f5 30. Bc6 Bxc6 31. Rxc6 Nd5 32. Rxg6 Kf7 33. Rc6 Nxc3 34. Rxc3 Rxd4 35. Rc7+ Kg8 36. Nf3 Rxa4 37. Rc8+ Kf7 38. Rc7+ Kg6 39. Rc6+ Bf6 40. Ne5+ Kg7 41. Rc7+ Kg8 42. Rc8+ Kh7 43. Rc7+ Bg7 44. Rb7 f4 45. Kg2 fxg3 46. fxg3 a5 47. Nd7 Rb4 48. Nxb6 Rb2+ 49. Kf3 Rb3+ 50. Ke4 Kg6 51. Ra7 Rxb6 52. Rxa5 Bh6 53. Kf3 Rb3+ 54. Kg2 Be3 55. Kh2 Rc3 56. Rd5 Bc5 57. Rg5+ Kh6 58. Rd5 Bf2 59. Rg5 Rc2 60. Rd5 Bc5+ 61. Kh3 Bg1 62. Rd6+ Kg7 63. g4 hxg4+ 64. Kxg4 Rc4+ 65. Kg3 Bd4 66. Rd5 Kf6 67. Rh5 Be5+ 68. Kf3 Bc3 69. Kg3 Be1+ 70. Kh3 Re4 71. Rh8 Re3+ 72. Kg4 Rg3+ 73. Kf4 Ra3 74. Kg4 Ra4+ 75. Kh3 Bd2 76. Rg8 Bf4 77. Rh8 Kg6 78. Rc8 Re4 79. Rh8 Be5 80. Rg8+ Bg7 81. Kg3 Rd4 82. Kh3 Rc4 83. Kg3 Re4 84. Kh3 Ra4 85. Kg3 Rb4 86. Kh3 Ra4 87. Kg3 Rc4 88. Kh3 Kf7 89. Ra8 Bf6 90. h5 Rh4+ 91. Kg3 Rxh5 92. Kg4 Rb5 93. Kf4 Bd4 94. Ke4 Bb6 95. Rh8 Bc5 96. Rh7+ Ke6 97. Rh6+ Kd7 98. Rh5 Kc6 99. Rh1 Rb4+ 100. Ke5 Bd6+ 101. Kf5 Rc4 102. Ke6 Bc5 103. Ke5 Be3 104. Rh3 Bd4+ 105. Ke4 Bg7+ 106. Kf5 Kd5 107. Re3 Rc8 108. Re1 Bd4 109. Re2 Rf8+ 110. Kg4 Be5 111. Re1 Rf4+ 112. Kh3 Rf2 113. Kg4 Ke6 114. Rh1 Rf4+ 115. Kg5 Rf3 116. Rh6+ Kd5 117. Kg4 Ke4 118. Rh4 Rg3+ 119. Kh5+ Kf5 120. Ra4 Rg8 121. Ra6 Rg5+ 122. Kh4 Rg4+ 123. Kh3 Rg3+ 124. Kh4 Rb3 125. Ra5 Rb4+ 126. Kh5 Rb7 127. Ra6 Rb8 128. Rg6 Rh8+ 129. Rh6 Rg8 130. Ra6 Bc7 131. Rc6 Rg7 132. Rc5+ Be5 133. Rc6 Rg5+ 134. Kh4 Rg2 0-1

[Event "XIV American Continental-ch 2019"]
[Site "Sao Paulo"]
[Date "2019.07.09"]
[Round "6.14"]
[White "Della Morte, German"]
[Black "Mecking, Henrique"]
[Result "1/2-1/2"]
[ECO "B81"]
[WhiteElo "2359"]
[BlackElo "2576"]
[Annotator "ChessBase"]
[PlyCount "101"]
[EventDate "2019.07.05"]
[EventType "swiss"]
[EventCountry "BRA"]
[SourceTitle "playchess.com"]
[Source "ChessBase"]
[SourceQuality "1"]
[TimeControl "40/5400+30:1800+30"]

1. e4 c5 2. Nf3 d6 3. d4 cxd4 4. Nxd4 Nf6 5. Nc3 e6 6. g4 h6 7. g5 hxg5 8. Bxg5 Nc6 9. Nb3 a6 10. h4 b5 11. a3 Bb7 12. f4 Be7 13. Rh3 Qc7 14. Qd2 O-O-O 15. Qf2 d5 16. e5 d4 17. exf6 gxf6 18. Bxf6 Bxf6 19. Ne4 Be7 20. O-O-O Rd5 21. Be2 Kb8 22. Rf1 f5 23. Ned2 a5 24. Bf3 Rd6 25. Bxc6 Bxc6 26. Nxd4 Bf6 27. N4f3 Rc8 28. Ne5 Bxe5 29. fxe5 Rd5 30. Nf3 b4 31. axb4 axb4 32. Nd4 Ba4 33. Rd1 Qxe5 34. Re3 Qc7 35. Rxe6 Rcd8 36. Re2 Qc4 37. Qg3+ f4 38. Qxf4+ Ka8 39. Qf3 Bc6 40. Red2 Qa6 41. Kb1 Rxd4 42. Rxd4 Bxf3 43. Rxd8+ Ka7 44. R8d7+ Kb6 45. R1d6+ Bc6 46. Rf6 b3 47. Rdd6 bxc2+ 48. Kxc2 Qc4+ 49. Kd2 Qb4+ 50. Kc2 Qc4+ 51. Kd2 1/2-1/2

[Event "XIV American Continental-ch 2019"]
[Site "Sao Paulo"]
[Date "2019.07.09"]
[Round "6.15"]
[White "Barbosa, Evandro Amorim"]
[Black "Cadilhac, Igor Tokuichi Kikuch"]
[Result "1-0"]
[ECO "C50"]
[WhiteElo "2506"]
[BlackElo "2291"]
[Annotator "ChessBase"]
[PlyCount "65"]
[EventDate "2019.07.05"]
[EventType "swiss"]
[EventCountry "BRA"]
[SourceTitle "playchess.com"]
[Source "ChessBase"]
[SourceQuality "1"]
[TimeControl "40/5400+30:1800+30"]

1. e4 e5 2. Nf3 Nc6 3. Bc4 Bc5 4. d3 Nf6 5. O-O d6 6. c3 a6 7. Bb3 Ba7 8. Nbd2 O-O 9. h3 Be6 10. Bc2 h6 11. Re1 Re8 12. Nf1 d5 13. exd5 Bxd5 14. Ng3 Nd7 15. Nh2 Nf8 16. Qh5 Qf6 17. Ng4 Qg6 18. Bxh6 Be6 19. Bd2 f5 20. Qxg6 Nxg6 21. Nh2 Rad8 22. Nf3 Bd5 23. Bg5 Rd7 24. Nxf5 Rf8 25. N5h4 Nxh4 26. Bxh4 Bxf3 27. gxf3 Rxf3 28. Kg2 Rf8 29. Re4 Ne7 30. Rxe5 Nf5 31. Bg5 Kh8 32. d4 Nd6 33. Be7 1-0

[Event "XIV American Continental-ch 2019"]
[Site "Sao Paulo"]
[Date "2019.07.09"]
[Round "6.16"]
[White "Duran Vega, Sergio"]
[Black "Cubas, Jose Fernando"]
[Result "1/2-1/2"]
[ECO "E91"]
[WhiteElo "2364"]
[BlackElo "2493"]
[Annotator "RC"]
[PlyCount "153"]
[EventDate "2019.07.05"]
[EventType "swiss"]
[EventCountry "BRA"]
[SourceTitle "playchess.com"]
[Source "ChessBase"]
[SourceQuality "1"]
[TimeControl "40/5400+30:1800+30"]

1. c4 Nf6 2. Nf3 g6 3. Nc3 Bg7 4. e4 d6 5. d4 O-O 6. Be2 c5 7. O-O cxd4 8. Nxd4 Nc6 9. Be3 Bd7 10. h3 Nxd4 11. Bxd4 Bc6 12. Qc2 a5 13. Rad1 Nd7 14. Bxg7 Kxg7 15. Bg4 f5 16. exf5 h5 17. Be2 Rxf5 18. Bd3 Rf6 19. Be4 Qf8 20. Rfe1 Rc8 21. b3 Nc5 22. Bxc6 bxc6 23. Ne4 Nxe4 24. Rxe4 c5 25. Qc3 e5 26. f4 Rxf4 27. Rxf4 Qxf4 28. Rxd6 Rf8 29. Rd5 Rf5 30. Rd7+ Kh6 31. Rd1 Qf2+ 32. Kh1 Qe2 33. Qc1+ Kg7 34. Rd7+ Kf6 35. Qh6 Qf1+ 36. Kh2 Qf4+ 37. Qxf4 Rxf4 38. Kg1 a4 39. g3 Rf3 40. Kg2 Rc3 41. Rc7 e4 42. Kf2 Rf3+ 43. Kg2 Rc3 44. Kf2 Rf3+ 45. Kg2 Ke5 46. Rxc5+ Kd4 47. Rc6 a3 48. Ra6 Ke3 49. Rxa3 Rf2+ 50. Kg1 Kf3 51. Ra6 e3 52. Rf6+ Ke2 53. Rxg6 Kd1 54. Re6 Kd2 55. Rd6+ Ke1 56. Re6 e2 57. b4 Rf1+ 58. Kg2 Rf2+ 59. Kg1 Rf1+ 60. Kg2 Kd2 61. c5 e1=Q 62. Rxe1 Kxe1 63. c6 Rf2+ 64. Kg1 Rxa2 65. b5 Rc2 66. g4 h4 67. g5 Ke2 68. g6 Kf3 69. g7 Rg2+ 70. Kh1 Rxg7 71. b6 Kf2 72. b7 Rg1+ 73. Kh2 Rg2+ 74. Kh1 Rg1+ 75. Kh2 Rg2+ 76. Kh1 Rg1+ 77. Kh2 1/2-1/2

[Event "XIV American Continental-ch 2019"]
[Site "Sao Paulo"]
[Date "2019.07.09"]
[Round "6.17"]
[White "Hungaski, Robert"]
[Black "Santos, Marcus Vinicius More"]
[Result "0-1"]
[ECO "B06"]
[WhiteElo "2488"]
[BlackElo "2354"]
[Annotator "ChessBase"]
[PlyCount "62"]
[EventDate "2019.07.05"]
[EventType "swiss"]
[EventCountry "BRA"]
[SourceTitle "playchess.com"]
[Source "ChessBase"]
[SourceQuality "1"]
[TimeControl "40/5400+30:1800+30"]

1. d4 g6 2. e4 Bg7 3. Nc3 d6 4. f4 a6 5. Nf3 b5 6. Bd3 Nd7 7. e5 Nh6 8. a4 b4 9. Ne4 O-O 10. O-O c5 11. c3 Qc7 12. Kh1 Bb7 13. Neg5 e6 14. Qe1 a5 15. Qh4 bxc3 16. bxc3 Ba6 17. Bxa6 Rxa6 18. Be3 Qc6 19. Qh3 Re8 20. Rfd1 Qc7 21. Ra2 Nb6 22. Ne4 Nd5 23. Nfg5 Nxe3 24. Qxe3 Nf5 25. Qe2 Raa8 26. g4 Ne7 27. Nxd6 Rf8 28. Qf3 Rab8 29. Rad2 h6 30. Nge4 Rb3 31. Nb5 Qc6 0-1

[Event "XIV American Continental-ch 2019"]
[Site "Sao Paulo"]
[Date "2019.07.09"]
[Round "6.18"]
[White "Vazquez, Guillermo"]
[Black "Martins, Carlos"]
[Result "1-0"]
[ECO "C84"]
[WhiteElo "2483"]
[BlackElo "2238"]
[Annotator "ChessBase"]
[PlyCount "55"]
[EventDate "2019.07.05"]
[EventType "swiss"]
[EventCountry "BRA"]
[SourceTitle "playchess.com"]
[Source "ChessBase"]
[SourceQuality "1"]
[TimeControl "40/5400+30:1800+30"]

1. e4 e5 2. Nf3 Nc6 3. Bb5 a6 4. Ba4 Nf6 5. O-O Be7 6. d3 b5 7. Bb3 O-O 8. Nc3 d6 9. a4 b4 10. Nd5 Bg4 11. Be3 a5 12. c3 bxc3 13. bxc3 h6 14. h3 Be6 15. Nd2 Bxd5 16. exd5 Nb8 17. d4 Nbd7 18. Re1 Re8 19. c4 Bf8 20. Bc2 exd4 21. Bxd4 Rxe1+ 22. Qxe1 g6 23. Nb3 Nh5 24. Qe3 Bg7 25. g4 Nhf6 26. Qc3 Nb6 27. Kf1 Qf8 28. Bxf6 1-0

[Event "XIV American Continental-ch 2019"]
[Site "Sao Paulo"]
[Date "2019.07.09"]
[Round "6.19"]
[White "Filgueiras, Nathan Felipe"]
[Black "Santiago, Yago De Moura"]
[Result "0-1"]
[ECO "B09"]
[WhiteElo "2259"]
[BlackElo "2473"]
[Annotator "ChessBase"]
[PlyCount "74"]
[EventDate "2019.07.05"]
[EventType "swiss"]
[EventCountry "BRA"]
[SourceTitle "playchess.com"]
[Source "ChessBase"]
[SourceQuality "1"]
[TimeControl "40/5400+30:1800+30"]

1. e4 d6 2. d4 Nf6 3. Nc3 g6 4. f4 Bg7 5. Nf3 O-O 6. e5 dxe5 7. fxe5 Nd5 8. Bc4 Nxc3 9. bxc3 c5 10. O-O Nc6 11. Ng5 e6 12. Be3 Qc7 13. Qe2 Ne7 14. Ne4 Nf5 15. Bf2 cxd4 16. cxd4 h5 17. Bd3 b6 18. h3 Rd8 19. c3 h4 20. Qg4 Bb7 21. Bxh4 Bxe4 22. Bxe4 Qxc3 23. Bxa8 Rxd4 24. Rac1 Qb4 25. Qf3 Rxh4 26. g4 Qd4+ 27. Rf2 Nh6 28. Qg3 g5 29. Rc8+ Kh7 30. Qf3 Bxe5 31. Be4+ Kg7 32. Bc2 Bf4 33. Kg2 Ng8 34. Qa8 Nf6 35. Rd8 Qc3 36. Rd3 Qc5 37. Qxa7 Nxg4 0-1

[Event "XIV American Continental-ch 2019"]
[Site "Sao Paulo"]
[Date "2019.07.09"]
[Round "6.20"]
[White "Donoso Diaz, Sebastian"]
[Black "Garcia Cardenas, Pablo"]
[Result "1/2-1/2"]
[ECO "A06"]
[WhiteElo "2239"]
[BlackElo "2443"]
[Annotator "NA"]
[PlyCount "73"]
[EventDate "2019.07.05"]
[EventType "swiss"]
[EventCountry "BRA"]
[SourceTitle "playchess.com"]
[Source "ChessBase"]
[SourceQuality "1"]
[TimeControl "40/5400+30:1800+30"]

1. Nf3 d5 2. e3 Nf6 3. c4 e6 4. Nc3 g6 5. cxd5 exd5 6. h3 Bg7 7. d4 O-O 8. Bd3 Nc6 9. O-O Bf5 10. Bxf5 gxf5 11. Ne1 Rc8 12. Nd3 Na5 13. Bd2 Nc4 14. b3 Nxd2 15. Qxd2 Ne4 16. Nxe4 dxe4 17. Nf4 c5 18. Nh5 Rc6 19. Rad1 Rd6 20. d5 Qd7 21. f3 Rd8 22. fxe4 fxe4 23. Qf2 Rg6 24. Ng3 f5 25. Nxf5 Rf8 26. d6 Kh8 27. Qh4 Rxf5 28. Rxf5 Qxf5 29. Qd8+ Qf8 30. Qxf8+ Bxf8 31. d7 Be7 32. d8=Q+ Bxd8 33. Rxd8+ Kg7 34. Rd7+ Kh6 35. Rxb7 Ra6 36. a4 Rc6 37. b4 1/2-1/2

[Event "XIV American Continental-ch 2019"]
[Site "Sao Paulo"]
[Date "2019.07.09"]
[Round "6.21"]
[White "Pereira, Silvio Cunha"]
[Black "Sanchez Alvarez, Roberto Carlos"]
[Result "1/2-1/2"]
[ECO "B85"]
[WhiteElo "2220"]
[BlackElo "2434"]
[Annotator "NA"]
[PlyCount "111"]
[EventDate "2019.07.05"]
[EventType "swiss"]
[EventCountry "BRA"]
[SourceTitle "playchess.com"]
[Source "ChessBase"]
[SourceQuality "1"]
[TimeControl "40/5400+30:1800+30"]

1. e4 c5 2. Nf3 e6 3. d4 cxd4 4. Nxd4 Nf6 5. Nc3 d6 6. Be2 a6 7. O-O Qc7 8. f4 b5 9. a3 Bb7 10. Bf3 Nbd7 11. Kh1 Be7 12. e5 dxe5 13. fxe5 Nxe5 14. Bf4 Bxf3 15. Rxf3 Bc5 16. Ndxb5 axb5 17. Nxb5 Qc6 18. Bxe5 Qxb5 19. c4 Qd7 20. Qe2 Be7 21. Raf1 O-O 22. Rxf6 gxf6 23. Qg4+ Kh8 24. Rxf6 Bd6 25. Bc3 Qc7 26. Qg5 e5 27. Qf5 Rae8 28. h4 Re6 29. Rxe6 fxe6 30. Bxe5+ Kg8 31. Qxe6+ Qf7 32. Qxf7+ Kxf7 33. Bxd6 Rc8 34. b3 Ke6 35. Bf4 Kf5 36. g3 h5 37. Kg2 Ke4 38. a4 Kd4 39. a5 Kc3 40. a6 Ra8 41. Kf3 Rxa6 42. Ke4 Kxb3 43. Kd5 Kb4 44. Bd6+ Ka5 45. Kc5 Ka4 46. Bc7 Rg6 47. Bd6 Rg4 48. Bf4 Rg6 49. Bd6 Rg4 50. Kd5 Ka5 51. c5 Kb5 52. c6 Kb6 53. Be5 Rg6 54. Bd6 Rg4 55. Bc5+ Kc7 56. Bd6+ 1/2-1/2

[Event "XIV American Continental-ch 2019"]
[Site "Sao Paulo"]
[Date "2019.07.09"]
[Round "6.22"]
[White "Bittencourt, Jorge"]
[Black "Araujo, Sergio Murilo"]
[Result "1/2-1/2"]
[ECO "B07"]
[WhiteElo "2433"]
[BlackElo "2090"]
[Annotator "NA"]
[PlyCount "64"]
[EventDate "2019.07.05"]
[EventType "swiss"]
[EventCountry "BRA"]
[SourceTitle "playchess.com"]
[Source "ChessBase"]
[SourceQuality "1"]
[TimeControl "40/5400+30:1800+30"]

1. e4 d6 2. d4 Nf6 3. Nc3 g6 4. Be3 Bg7 5. Qd2 O-O 6. O-O-O c6 7. Bh6 Qc7 8. h4 e5 9. Bxg7 Kxg7 10. h5 b5 11. hxg6 fxg6 12. f3 a6 13. Kb1 Qe7 14. g4 Re8 15. Nge2 Nbd7 16. Ng3 Nf8 17. d5 c5 18. b3 Ra7 19. Kb2 Ng8 20. a4 b4 21. Nb1 Qf6 22. Qg2 Kh8 23. Nd2 Rf7 24. Be2 Qd8 25. Ngf1 Nd7 26. g5 Ref8 27. Ne3 Qc7 28. Qg3 Qd8 29. Bf1 Nb6 30. a5 Na8 31. Nec4 Nc7 32. Ne3 Na8 1/2-1/2

[Event "XIV American Continental-ch 2019"]
[Site "Sao Paulo"]
[Date "2019.07.09"]
[Round "6.23"]
[White "Terao, Juliana Sayumi"]
[Black "Proudian, Armen"]
[Result "0-1"]
[ECO "C45"]
[WhiteElo "2213"]
[BlackElo "2429"]
[Annotator "NA"]
[PlyCount "86"]
[EventDate "2019.07.05"]
[EventType "swiss"]
[EventCountry "BRA"]
[SourceTitle "playchess.com"]
[Source "ChessBase"]
[SourceQuality "1"]
[TimeControl "40/5400+30:1800+30"]

1. e4 e5 2. Nf3 Nc6 3. d4 exd4 4. Nxd4 Bc5 5. Nb3 Bb4+ 6. c3 Be7 7. g3 Nf6 8. Bg2 d6 9. O-O O-O 10. Qe2 Re8 11. Rd1 Bf8 12. Qc2 Qe7 13. N1d2 Bg4 14. f3 Bh5 15. Nc4 Rad8 16. Ne3 Bg6 17. Qf2 Ne5 18. Qf1 h6 19. Bd2 c6 20. c4 d5 21. cxd5 cxd5 22. f4 Nc4 23. Nxd5 Nxd5 24. exd5 Nxb2 25. Re1 Qf6 26. Qb5 Rxe1+ 27. Rxe1 Nd3 28. Re3 a6 29. Qxb7 Qb2 30. Bf1 Nc5 31. Qc7 Rxd5 32. Re8 Ne6 33. Qc3 Qxa2 34. Bc4 Rd8 35. Rxd8 Nxd8 36. Qa5 Qb1+ 37. Kf2 Nb7 38. Qd5 Nd6 39. Bxa6 Be4 40. Qd4 Qxb3 41. Be2 Bb7 42. Bd3 Qa2 43. Ke2 Ba6 0-1

[Event "XIV American Continental-ch 2019"]
[Site "Sao Paulo"]
[Date "2019.07.09"]
[Round "6.24"]
[White "Almiron, Antonio"]
[Black "Urquiza, Marcello de Albuquer"]
[Result "1-0"]
[ECO "B41"]
[WhiteElo "2402"]
[BlackElo "2043"]
[Annotator "NA"]
[PlyCount "75"]
[EventDate "2019.07.05"]
[EventType "swiss"]
[EventCountry "BRA"]
[SourceTitle "playchess.com"]
[Source "ChessBase"]
[SourceQuality "1"]
[TimeControl "40/5400+30:1800+30"]

1. e4 c5 2. Nf3 e6 3. d4 cxd4 4. Nxd4 a6 5. c4 Nf6 6. Nc3 Qc7 7. a3 Be7 8. Be3 d6 9. Be2 Nbd7 10. O-O b6 11. Qd2 Bb7 12. f3 O-O 13. Rfc1 Rac8 14. a4 Qb8 15. Kh1 Bd8 16. Bg1 Bc7 17. Rc2 Rfd8 18. b4 Qa8 19. Qc1 Bb8 20. a5 bxa5 21. Rxa5 Bc7 22. Ra1 Qb8 23. Na4 a5 24. c5 dxc5 25. bxc5 Bf4 26. Qb1 Bc6 27. Qxb8 Nxb8 28. Nb6 Rc7 29. Rxa5 Be5 30. Nb3 Rb7 31. Raa2 Nfd7 32. Na5 Ra7 33. Nxc6 Rxa2 34. Rxa2 Nxc6 35. Nxd7 Rxd7 36. Bb5 Ra7 37. Rd2 Nd4 38. Rxd4 1-0

[Event "XIV American Continental-ch 2019"]
[Site "Sao Paulo"]
[Date "2019.07.09"]
[Round "7.1"]
[White "Pichot, Alan"]
[Black "Perez Ponsa, Federico"]
[Result "1/2-1/2"]
[ECO "C88"]
[WhiteElo "2579"]
[BlackElo "2560"]
[Annotator "ChessBase"]
[PlyCount "83"]
[EventDate "2019.07.05"]
[EventType "swiss"]
[EventCountry "BRA"]
[SourceTitle "playchess.com"]
[Source "ChessBase"]
[SourceQuality "1"]
[TimeControl "40/5400+30:1800+30"]

1. e4 e5 2. Nf3 Nc6 3. Bb5 a6 4. Ba4 Nf6 5. O-O Be7 6. Re1 b5 7. Bb3 O-O 8. a4 b4 9. a5 d6 10. d3 Be6 11. Bxe6 fxe6 12. c3 Rb8 13. Nbd2 Nd7 14. d4 bxc3 15. bxc3 Qc8 16. Nc4 Rb5 17. dxe5 Ndxe5 18. Ncxe5 dxe5 19. c4 Rb8 20. Bd2 Qe8 21. Bc3 Bc5 22. Ra2 Rd8 23. Rd2 Rxd2 24. Qxd2 Qe7 25. Rd1 Rd8 26. Qe1 Rxd1 27. Qxd1 Bd4 28. Qa4 Qd6 29. Be1 h6 30. h4 Bc5 31. Bc3 Bd4 32. Bd2 Bc5 33. h5 Kh7 34. Bc3 Bd4 35. Be1 Bc5 36. Nh4 Ne7 37. Qc2 Ng8 38. Bc3 Nf6 39. Qe2 Bd4 40. Bxd4 Qxd4 41. Nf3 Qa1+ 42. Kh2 1/2-1/2

[Event "XIV American Continental-ch 2019"]
[Site "Sao Paulo"]
[Date "2019.07.10"]
[Round "7.2"]
[White "Iturrizaga Bonelli, Eduardo"]
[Black "Salinas Herrera, Pablo"]
[Result "1-0"]
[ECO "D45"]
[WhiteElo "2625"]
[BlackElo "2498"]
[Annotator "RC"]
[PlyCount "69"]
[EventDate "2019.07.05"]
[EventType "swiss"]
[EventCountry "BRA"]
[SourceTitle "playchess.com"]
[Source "ChessBase"]
[SourceQuality "1"]
[TimeControl "40/5400+30:1800+30"]

1. c4 c6 2. Nf3 Nf6 3. Nc3 d5 4. d4 e6 5. e3 Nbd7 6. Qc2 Bd6 7. Bd3 O-O 8. O-O dxc4 9. Bxc4 e5 10. h3 h6 11. a3 Qc7 12. Ba2 Re8 13. dxe5 Nxe5 14. Nd4 Kh8 15. Bd2 Ng6 16. Rad1 Nh4 17. Bc1 a6 18. f4 Ng6 19. Kh1 Nh5 20. Kh2 Bf8 21. Nd5 Qd8 22. Nb6 Qxb6 23. Bxf7 Re7 24. Bxg6 Nf6 25. e4 c5 26. Nf5 Rxe4 27. Nxh6 Re7 28. Nf7+ Kg8 29. Ng5 Kh8 30. Rfe1 Be6 31. Qf2 Bb3 32. Rxe7 Bxe7 33. Qh4+ Kg8 34. Rd7 Bd6 35. Nf7 1-0

[Event "XIV American Continental-ch 2019"]
[Site "Sao Paulo"]
[Date "2019.07.10"]
[Round "7.4"]
[White "Gonzalez Vidal, Yuri"]
[Black "Hernandez Sanchez, Jairo Andres"]
[Result "1/2-1/2"]
[ECO "B31"]
[WhiteElo "2547"]
[BlackElo "2387"]
[Annotator "RC"]
[PlyCount "97"]
[EventDate "2019.07.05"]
[EventType "swiss"]
[EventCountry "BRA"]
[SourceTitle "playchess.com"]
[Source "ChessBase"]
[SourceQuality "1"]
[TimeControl "40/5400+30:1800+30"]

1. e4 c5 2. Nf3 Nc6 3. Bb5 g6 4. Bxc6 dxc6 5. d3 Bg7 6. h3 Nf6 7. Nc3 Nd7 8. Be3 e5 9. O-O Qe7 10. Qd2 h6 11. Nh2 Nf8 12. f4 exf4 13. Bxf4 g5 14. Bg3 Ng6 15. Rae1 Be6 16. Nd5 cxd5 17. exd5 O-O 18. b3 b6 19. dxe6 f5 20. Nf3 Rad8 21. c3 f4 22. Bf2 Rf6 23. Qe2 Nf8 24. d4 Rxe6 25. Qc4 Qf7 26. dxc5 Rxe1 27. Qxf7+ Kxf7 28. Rxe1 bxc5 29. Bxc5 Ne6 30. Bxa7 Ra8 31. Bd4 Nxd4 32. Nxd4 Bxd4+ 33. cxd4 Rxa2 34. Rb1 Ke6 35. b4 Kd6 36. b5 Kc7 37. Re1 Kb6 38. Re5 Rd2 39. Rd5 Rb2 40. Rd6+ Kxb5 41. Rxh6 Kc4 42. Rh5 Rb5 43. h4 Kxd4 44. hxg5 Ke4 45. Kh2 Rb3 46. Rh3 Rb5 47. Rh5 Rb3 48. Rh3 Rb5 49. Rh5 1/2-1/2

[Event "XIV American Continental-ch 2019"]
[Site "Sao Paulo"]
[Date "2019.07.09"]
[Round "7.5"]
[White "Krysa, Leandro"]
[Black "Garcia Pantoja, Roberto"]
[Result "1/2-1/2"]
[ECO "A06"]
[WhiteElo "2517"]
[BlackElo "2529"]
[Annotator "ChessBase"]
[PlyCount "45"]
[EventDate "2019.07.05"]
[EventType "swiss"]
[EventCountry "BRA"]
[SourceTitle "playchess.com"]
[Source "ChessBase"]
[SourceQuality "1"]
[TimeControl "40/5400+30:1800+30"]

1. Nf3 d5 2. e3 Nf6 3. c4 e6 4. Nc3 Be7 5. b3 O-O 6. Bb2 b6 7. Rc1 Bb7 8. cxd5 exd5 9. d4 Nbd7 10. Bd3 a6 11. Ne5 Bd6 12. f4 c5 13. Qf3 Re8 14. O-O cxd4 15. exd4 b5 16. Rc2 Nf8 17. Kh1 Rc8 18. Rfc1 Rc7 19. h3 Qa8 20. a4 b4 21. Ne2 Rxc2 22. Rxc2 Rc8 23. Ng3 1/2-1/2

[Event "XIV American Continental-ch 2019"]
[Site "Sao Paulo"]
[Date "2019.07.10"]
[Round "7.6"]
[White "Santiago, Yago De Moura"]
[Black "Mieles Palau, Daniel"]
[Result "1-0"]
[ECO "D35"]
[WhiteElo "2473"]
[BlackElo "2359"]
[Annotator "ChessBase"]
[PlyCount "174"]
[EventDate "2019.07.05"]
[EventType "swiss"]
[EventCountry "BRA"]
[SourceTitle "playchess.com"]
[Source "ChessBase"]
[SourceQuality "1"]
[TimeControl "40/5400+30:1800+30"]

1. c4 e6 2. d4 d5 3. Nc3 Nf6 4. e3 a6 5. Nf3 dxc4 6. Bxc4 b5 7. Bb3 Bb7 8. O-O c5 9. Qe2 Nbd7 10. Rd1 Qc7 11. e4 cxd4 12. Nxd4 b4 13. Nd5 exd5 14. exd5+ Qe5 15. Qxe5+ Nxe5 16. Re1 Bd6 17. Nf5 O-O-O 18. Nxd6+ Rxd6 19. Bf4 Nfd7 20. Rac1+ Kd8 21. Bxe5 Nxe5 22. Rxe5 Re8 23. f4 f6 24. Rxe8+ Kxe8 25. Kf2 Kd7 26. Rc5 Rb6 27. Ke3 Kd6 28. Kd4 Rb5 29. Rxb5 axb5 30. a3 bxa3 31. bxa3 f5 32. g3 g6 33. Ba2 Ba8 34. Bb3 Bb7 35. h3 h5 36. Ba2 Ba8 37. Bb3 Bb7 38. Ba2 Ba8 39. Bb1 Bxd5 40. Bd3 Bc6 41. Be2 Bd7 42. Bf3 Be6 43. Bg2 Bf7 44. Bf3 Be6 45. Bb7 Bf7 46. Ba6 Be8 47. Kc3 Kc5 48. Bc8 Bc6 49. Be6 Bg2 50. Bf7 Bxh3 51. Bxg6 Bg4 52. Bf7 Bf3 53. Be6 Bg4 54. Bd7 Bh3 55. Be8 Bg4 56. Bg6 Kd5 57. Kd3 Kc5 58. Bf7 Bf3 59. Bb3 Bg4 60. Bc2 Kd5 61. Ke3 Kc4 62. Bd3+ Kc5 63. Bf1 Bd1 64. Kd2 Bf3 65. Kc3 Bd1 66. Bd3 Bg4 67. Bc2 Bh3 68. Bb1 Bg4 69. Ba2 Bf3 70. Bf7 Bg4 71. Kd3 Bf3 72. Ke3 Bg4 73. Bg8 Bh3 74. Bb3 Bg4 75. Kd3 Bf3 76. Bf7 Bg4 77. Bg6 Kd5 78. Be8 Kc5 79. Bd7 Bh3 80. Bc8 Bg4 81. Kc3 Bh3 82. Bb7 Bg4 83. Bg2 Be2 84. Kd2 Bg4 85. Kd3 Bd1 86. Bf1 Bf3 87. Kd2 Bg4 1-0

[Event "XIV American Continental-ch 2019"]
[Site "Sao Paulo"]
[Date "2019.07.09"]
[Round "7.7"]
[White "Matsuura, Everaldo"]
[Black "Delgado Ramirez, Neuris"]
[Result "0-1"]
[ECO "B90"]
[WhiteElo "2459"]
[BlackElo "2605"]
[Annotator "RC"]
[PlyCount "56"]
[EventDate "2019.07.05"]
[EventType "swiss"]
[EventCountry "BRA"]
[SourceTitle "playchess.com"]
[Source "ChessBase"]
[SourceQuality "1"]
[TimeControl "40/5400+30:1800+30"]

1. e4 c5 2. Nf3 d6 3. d4 cxd4 4. Nxd4 Nf6 5. Nc3 a6 6. Be3 e5 7. Nb3 Be7 8. Qd2 O-O 9. O-O-O a5 10. a4 Be6 11. f4 Qc8 12. Kb1 Nc6 13. f5 Nxe4 14. Nxe4 Bxf5 15. Ng3 Bg6 16. Bd3 f5 17. h4 f4 18. Bxg6 hxg6 19. Ne4 fxe3 20. Qd5+ Kh8 21. Nxd6 Bxd6 22. h5 g5 23. Qxd6 Rf6 24. Qc5 Nd4 25. Rc1 Qxc5 26. Nxc5 Ne2 27. Rce1 Ng3 28. Rh3 Rf1 0-1

[Event "XIV American Continental-ch 2019"]
[Site "Sao Paulo"]
[Date "2019.07.10"]
[Round "7.8"]
[White "Gareyev, Timur"]
[Black "Molina, Roberto Junio Brito"]
[Result "1-0"]
[ECO "D58"]
[WhiteElo "2588"]
[BlackElo "2464"]
[Annotator "RC"]
[PlyCount "111"]
[EventDate "2019.07.05"]
[EventType "swiss"]
[EventCountry "BRA"]
[SourceTitle "playchess.com"]
[Source "ChessBase"]
[SourceQuality "1"]
[TimeControl "40/5400+30:1800+30"]

1. d4 d5 2. Nf3 Nf6 3. c4 e6 4. Nc3 Be7 5. Bg5 h6 6. Bh4 O-O 7. e3 b6 8. Rb1 Bb7 9. Bxf6 Bxf6 10. cxd5 Bxd5 11. Be2 Bb7 12. b4 Nd7 13. O-O a5 14. a3 axb4 15. axb4 Qe7 16. Qc2 e5 17. Rfd1 exd4 18. Nxd4 Bxd4 19. Rxd4 Nf6 20. h3 Rfd8 21. Rf4 Nd5 22. Nxd5 Bxd5 23. Bc4 c5 24. bxc5 bxc5 25. Rc1 Rac8 26. Rf5 Qb7 27. Qa2 Bxc4 28. Qxc4 Qe7 29. Rxc5 Rxc5 30. Qxc5 Qxc5 31. Rxc5 g6 32. g4 Kg7 33. h4 Rd7 34. Kg2 Ra7 35. f4 Rb7 36. h5 gxh5 37. Rxh5 Ra7 38. Kf3 Rb7 39. Rd5 Ra7 40. Rd6 Rb7 41. Ke4 Ra7 42. Rd3 Ra5 43. Rd5 Ra6 44. Kf3 Ra7 45. Rd3 Rb7 46. e4 Ra7 47. e5 Rb7 48. Ke4 Ra7 49. Rd4 Rb7 50. f5 Ra7 51. Rd8 Ra1 52. f6+ Kh7 53. Rf8 Ra7 54. Kf5 Rb7 55. Rxf7+ Rxf7 56. e6 1-0